Map: Abyssal Reef LE

Players

iPlayDefense - Winner!

  • Race: Terran Terran
  • League: Silver
  • Spawn Location: 11:00

VOD

Have the link to the VOD?

Description

Time

  • Played on: April 16, 2025, 4:34 p.m.
  • Length: 22:34
Show
View Real Time Build Order
Export as new Build Order

iPlayDefense Terran - Winner!

Build Orders:  

Get SALT Encoding   

  12  0:00  SCV  
  13  0:27  Supply Depot  
  13  0:29  SCV  
  14  0:42  Refinery  
  14  0:45  SCV  
  15  1:02  SCV  
  16  1:18  Barracks  
  16  1:19  SCV  
  17  1:36  SCV  
  18  1:53  SCV  
  18  1:57  Supply Depot  
  19  2:27  Barracks Reactor  
  19  2:33  Command Center  
  19  2:43  Orbital Command  
  19  3:18  Marine  
  19  3:19  Marine  
  21  3:29  SCV  
  22  3:43  Marine  
  22  3:44  Marine  
  22  3:46  SCV  
  25  4:03  SCV  
  26  4:11  Refinery  
  26  4:19  Supply Depot  
  26  4:20  SCV  
  26  4:22  Orbital Command  
  27  4:50  Supply Depot  
  27  4:55  SCV  
  28  5:01  Marine x2  
  30  5:12  SCV  
  31  5:26  Marine x2  
  31  5:29  SCV  
  34  5:34  Supply Depot  
  34  5:46  SCV  
  35  6:06  Supply Depot  
  35  6:10  SCV  
  35  6:11  SCV  
  35  6:13  Marine x2  
  39  6:23  Supply Depot  
  39  6:27  SCV  
  39  6:28  SCV  
  41  6:30  Barracks  
  41  6:37  Barracks  
  41  6:38  Marine x2  
  43  6:46  Factory  
  43  6:58  Bunker  
  43  7:05  SCV  
  43  7:06  SCV  
  43  7:08  Marine x2  
  47  7:15  Supply Depot  
  47  7:22  SCV  
  47  7:23  SCV  
  49  7:33  Marine x2  
  51  7:57  Factory Tech Lab  
  51  8:01  Barracks Tech Lab x2  
  51  8:02  Stimpack  
  51  8:07  Engineering Bay  
  51  8:12  SCV  
  51  8:13  SCV  
  51  8:16  Marine x2  
  55  8:29  SCV  
  56  8:30  Supply Depot, SCV  
  56  8:31  Unknown  
  57  8:41  Marine x2  
  57  8:42  Siege Tank  
  62  9:05  Terran Infantry Weapons Level 1  
  62  9:31  Starport  
  62  9:38  Supply Depot  
  62  9:39  SCV x2  
  64  9:56  SCV x2  
  55  10:31  Marine x2  
  55  10:32  Marine x2  
  55  10:38  Starport Tech Lab  
  59  10:40  Starport Reactor  
  59  10:49  Siege Tank  
  62  10:56  Marine x4  
  66  11:15  Armory  
  66  11:21  Marine x4  
  66  11:28  Supply Depot  
  70  11:34  Siege Tank  
  70  11:38  Supply Depot  
  73  11:45  Terran Infantry Armor Level 1  
  73  11:46  Marine x4  
  77  12:11  Marine x2  
  77  12:13  Medivac x2  
  77  12:18  Marine  
  77  12:19  Marine  
  85  12:23  Siege Tank  
  88  12:36  Marine, Marauder  
  91  12:43  Marine  
  91  12:44  Marine  
  93  12:55  Medivac x2  
  97  13:01  Marine  
  97  13:06  Marine  
  97  13:08  Siege Tank, Marine  
  97  13:09  SCV, Marine  
  80  13:10  SCV  
  106  13:21  Siege Tank  
  106  13:26  SCV x2, Marine  
  109  13:31  Marine  
  109  13:33  Marine  
  109  13:34  Marine  
  104  13:51  Marine  
  104  13:53  Siege Tank  
  104  13:56  Marine  
  104  13:58  Marine  
  104  13:59  Marine  
  94  14:16  Marine  
  92  14:21  Marine  
  92  14:23  Marine  
  92  14:24  Marine  
  95  14:58  SCV x2  
  97  15:01  Marine x2  
  97  15:02  Marine x2  
  97  15:06  Command Center  
  97  15:09  Siege Tank  
  104  15:15  SCV x2  
  106  15:24  Refinery  
  106  15:27  Marauder x2  
  106  15:29  Refinery  
  110  15:32  SCV x2  
  112  15:54  Siege Tank  
  112  15:57  Marauder x2  
  119  16:10  SCV  
  119  16:11  SCV  
  119  16:15  Marine x2  
  123  16:27  SCV x2, Marine x2  
  124  16:39  Siege Tank  
  124  16:44  SCV x2  
  126  16:51  Marauder  
  126  16:52  Marauder  
  130  17:21  Supply Depot  
  130  17:25  Terran Infantry Weapons Level 2  
  130  17:49  Siege Tank  
  130  17:53  Supply Depot  
  130  17:56  Supply Depot  
  130  18:09  Orbital Command  
  130  18:17  SCV x2  
  132  18:20  Marine x2  
  132  18:21  Marine x2  
  132  18:23  Siege Tank  
  132  18:29  Supply Depot  
  139  18:34  SCV x2  
  141  18:46  Marauder x2  
  145  18:51  SCV x2  
  147  19:02  Supply Depot  
  147  19:08  Siege Tank  
  150  19:33  Supply Depot  
  150  19:37  SCV x2  
  150  19:38  SCV  
  153  19:41  Marine x4  
  157  19:53  Siege Tank  
  157  19:54  SCV  
  161  20:04  Supply Depot  
  161  20:06  Marauder x2  
  165  20:21  Siege Tank x6  
  165  20:38  Siege Tank  
  168  20:41  Siege Tank x6  
  168  20:52  Command Center  
  168  20:57  Siege Tank x6  
Tags
 
League
Silver
Matchup
Co-op
Replay Pack
DaveSC2
Add a new tag
Caveats
  • Supply blocks, unpowered buildings, or Contaminate may cause inaccurate times.
  • Supply counts are checked every 10 seconds.